 Dungeon Crawl Stone Soup version 0.21.1-1-g345015fe64 (webtiles) character file.

37 KleinerIrrer the Chopper (level 3, 23/23 HPs)
             Began as a Gargoyle Berserker on Apr 2, 2018.
             Was a Believer of Trog.
             Got out of the dungeon alive.
             The game lasted 00:02:00 (1178 turns).

KleinerIrrer the Chopper (Gargoyle Berserker)       Turns: 1178, Time: 00:02:00

Health: 23/23      AC:  5    Str: 21    XL:     3   Next: 39%
Magic:  3/3        EV: 12    Int:  7    God:    Trog [**....]
Gold:   59         SH:  0    Dex:  9    Spells: 2/2 levels left

rFire    . . .     SeeInvis .   a - +0 hand axe
rCold    . . .     Gourm    .   (no shield)
rNeg     + . .     Faith    .   b - +0 animal skin
rPois    ∞         Spirit   .   (no helmet)
rElec    +         Reflect  .   (no cloak)
rCorr    .         Harm     .   (no gloves)
MR       .....                  (no boots)
Stlth    +.........             (no amulet)
HPRegen  0.07/turn              (no ring)
MPRegen  0.08/turn              (no ring)

@: no status effects
A: negative energy resistance 1, electricity resistance, unbreathing,
petrification resistance, rot immunity, AC +3
a: Berserk, Trog's Hand, Burn Spellbooks, Renounce Religion


You escaped.
You worshipped Trog.
Trog was pleased with you.
You were not hungry.

You visited 1 branch of the dungeon, and saw 1 of its levels.

You collected 59 gold pieces.


Innate Abilities, Weirdness & Mutations

You are resistant to torment.
Your stone body is resilient. (AC +3)
You are immune to poison.
You resist negative energy. (rN+)
You are resistant to electric shocks. (rElec)
You can survive without breathing.
You are immune to petrification.
You are immune to rotting.


   Skills:
 - Level 3.2 Fighting
 + Level 4.0 Axes
 - Level 2.1 Armour
 - Level 1.5 Dodging


You had 2 spell levels left.
You didn't know any spells.

Inventory:

Hand Weapons
 a - a +0 hand axe (weapon)
 n - a +0 mace
Armour
 b - a +0 animal skin (worn)
 d - a cursed +0 ring mail
 i - a +0 helmet
Scrolls
 e - 2 scrolls of remove curse {unknown}
 j - a scroll of amnesia {unknown}
 k - a scroll of enchant weapon {unknown}
 m - a scroll of identify {unknown}
Potions
 f - a potion of resistance {unknown}
 g - a potion of lignification {unknown}
 h - a potion of degeneration {unknown}
Comestibles
 c - 3 rations
 l - 10 chunks of flesh

Dungeon Overview and Level Annotations

Branches:
Dungeon (1/15)

Altars:


Message History

(D) Dungeon
Where to? (* - list waypoints, ? - help)
(D) Dungeon
Where to? (* - list waypoints, ? - help)
(D) Dungeon
Where to? (* - list waypoints, ? - help)
What level of the Dungeon? (default 1, ? - help) Some of the chunks of flesh in your inventory have rotted away.
There is an open door here.
There is an open door here.
There is an open door here.
You open the door.
There is an open door here.
There is a staircase leading out of the dungeon here.
Are you sure you want to leave the Dungeon?
This will make you lose the game! [Y]es or [N]o only, please.
Are you sure you want to leave the Dungeon?
This will make you lose the game! [Y]es or [N]o only, please.
Are you sure you want to leave the Dungeon?
This will make you lose the game!
You have escaped!

.#.#........########## #......
.#.###.####..........# #......
.....#.# ###.###'###'### #......
##.#.#.###.....#.+.....# #......
#.#.....#'#.#+###'#.######......
#.#####...#.#.....#.#.+.........
#.# ###.#.#.....#.#.#.##......
#.# #.###..>..###.#......... #.#
###.#.#..@..#.#.#.#####... ##.#
#.'.#.'.....#.#...# #... ...#
#.#+#.#######.#'### #... ...#
#.#.....'.'.....# ###.
...#####.###.###'###'### #.
..........##.# #.# #.# #.
..#######....# #.###.# #.
........#.#### #.....# ##
........#.# ##...## #####


There were no monsters in sight!

Vanquished Creatures
  A dart slug (D:1)
  A leopard gecko (D:1)
  5 bats (D:1)
  3 giant cockroaches (D:1)
  2 goblins (D:1)
  4 hobgoblins (D:1)
  7 jackals (D:1)
  3 kobolds (D:1)
  3 rats (D:1)
29 creatures vanquished.

Notes
Turn   | Place    | Note
-------+----------+-------------------------------------------
     0 | D:1      | KleinerIrrer the Gargoyle Berserker began the quest for the Orb.
     0 | D:1      | Reached XP level 1. HP: 14/14 MP: 1/1
     0 | D:1      | 0 ||| counter = 2
     0 | D:1      | 0 ||| counter = 3
   135 | D:1      | Reached skill level 3 in Axes
   304 | D:1      | Reached XP level 2. HP: 16/19 MP: 2/2
   629 | D:1      | 629 ||| INVOKING Berserk.
   629 | D:1      | HP: 7/28 [jackal (1)]
   882 | D:1      | Reached XP level 3. HP: 23/23 MP: 3/3
   961 | D:1      | Reached ** piety under Trog
  1012 | D:1      | 1012 ||| DROPPING club.
  1111 | D:1      | Reached skill level 4 in Axes
  1178 | D:$      | Got out of the dungeon alive.

Vault maps used:
D:1:      shiori_arrival_maze

Skill      XL: |  1  2  3 |
---------------+----------+-----
Axes           | 3 4 |  4.0
Fighting       | |  3.2
Armour         | |  2.1
Dodging        | |  1.5

Action                   || total
-------------------------++-------
Melee: Hand axe          ||   117
Invok: Berserk           ||     1
  Eat: Chunk             ||     2
Armor: Animal skin       ||    61
Dodge: Dodged            ||   111

Table legend:
 A = Spawn XP
 B = Non-spawn XP
 C = Spawn XP percentage of total XP
 D = Spawn monster count
 E = Non-spawn monster count
 F = Spawn count percentage of total count
 G = Total turns spent on level
                    A         B        C        D         E        F      G
               +---------+---------+-------+---------+---------+-------+---------
         Total |       0 |      53 |   0.0 |       0 |      29 |   0.0 |  1178
               +---------+---------+-------+---------+---------+-------+---------
           D:1 |       0 |      53 |   0.0 |       0 |      29 |   0.0 |  1178
               +---------+---------+-------+---------+---------+-------+---------
